 Dungeon Crawl Stone Soup version 0.31-a0-819-gf6de2f5ab6 (webtiles) character file.

Game seed: 17854067702038913886

756 Shayle the Trooper (level 7, -1/72 HPs)
             Began as an Ogre Hexslinger on Sept 23, 2023.
             Was a Follower of Makhleb.
             Succumbed to a water moccasin's poison
             ... on level 5 of the Dungeon.
             The game lasted 00:07:26 (3653 turns).

Shayle the Trooper (Ogre Hexslinger)                Turns: 3653, Time: 00:07:27

Health: -1/72      AC:  3    Str: 13    XL:     7   Next: 79%
Magic:  13/13      EV: 15    Int: 16    God:    Makhleb [*.....]
Gold:   313        SH:  5    Dex: 11    Spells: 15/15 levels left

rFire   . . .        b - +1 dire flail (protect)
rCold   . . .        (shield currently unavailable)
rNeg    . . .        c - +0 robe
rPois   .            (helmet restricted)
rElec   .            (no cloak)
rCorr   .            (gloves unavailable)
SInv    .            (boots unavailable)
Will    .....        m - amulet of reflection
Stlth   +            d - +5 ring of evasion
HPRegen 0.32/turn    (no ring)
MPRegen 0.13/turn

%: reflection
@: lethally poisoned (-1 -> -19), attractive
A: large, unfitting armour, tough skin 1
a: Renounce Religion


You were on level 5 of the Dungeon.
You worshipped Makhleb.
Makhleb was aware of your devotion.
You visited 1 branch of the dungeon, and saw 6 of its levels.
You also visited: Sewer.

You collected 313 gold pieces.

Inventory:

Hand Weapons
 a - a +1 sling
 b - a +1 dire flail of protection (weapon)
 v - a +0 giant spiked club
Armour
 c - a +0 robe (worn)
Jewellery
 d - a +5 ring of evasion (left hand)
 m - an amulet of reflection (around neck)
 n - a +6 ring of intelligence
Wands
 w - a wand of roots (1)
 y - a wand of acid (3)
 C - a wand of mindburst (10)
Scrolls
 e - a scroll of revelation {unknown}
 f - a scroll of silence {unknown}
 g - 3 scrolls of teleportation
 h - 8 scrolls of identify {unknown}
 j - 3 scrolls of blinking {unknown}
 k - a scroll of amnesia {unknown}
 l - a scroll of vulnerability {unknown}
 u - a scroll of enchant armour {unknown}
 x - a scroll of immolation {unknown}
 B - a scroll of enchant weapon {unknown}
Potions
 i - a potion of invisibility {unknown}
 o - a potion of curing {unknown}
 r - a potion of haste {unknown}
 s - a potion of degeneration {unknown}
 t - a potion of heal wounds {unknown}
 z - a potion of might {unknown}
 A - a potion of brilliance {unknown}


   Skills:
 + Level 5.6 Fighting
 - Level 1.3 Ranged Weapons
 + Level 4.1 Dodging
 + Level 4.5 Spellcasting
 - Level 2.6 Hexes
 - Level 0.8 Fire Magic
 + Level 4.2 Invocations


You had 15 spell levels left.
You didn't know any spells.
Your spell library contained the following spells:

 Spells                   Type           Power      Damage    Failure   Level
 Jinxbite                 Hex            24%        N/A       9%          2
 Apportation              Tloc           6%         N/A       16%         1
 Necrotise                Necr           12%        1d4       16%         1
 Shock                    Conj/Air       12%        1d3       16%         1
 Summon Small Mammal      Summ           12%        N/A       16%         1
 Sigil of Binding         Hex            12%        N/A       16%         3
 Inner Flame              Hex/Fire       9%         N/A       24%         3
 Hailstorm                Conj/Ice       3%         3d3       43%         3
 Swiftness                Air            3%         N/A       43%         3
 Cause Fear               Hex            6%         N/A       47%         4
 Dimensional Bullseye     Hex/Tloc       3%         N/A       67%         4
 Airstrike                Air            1%         2d(1-17)  85%         4
 Summon Ice Beast         Ice/Summ       3%         N/A       85%         4
 Simulacrum               Ice/Necr       1%         N/A       100%        6


Dungeon Overview and Level Annotations

Branches:
Dungeon (6/15)              Sewer (visited)
 Temple: D:4-7

Altars:
Dithmenos
Fedhas
Makhleb
Okawaru
Sif Muna


Innate Abilities, Weirdness & Mutations

You are too large for most types of armour.
You have tough skin. (AC +1)


Message History

You miss the water moccasin.
You feel sick.
You are no longer poisoned.
The water moccasin misses you. The water moccasin bites you.
You are poisoned.
The water moccasin poisons you!
You closely miss the water moccasin.
You feel very sick. The water moccasin closely misses you.
The water moccasin barely misses you.
You miss the water moccasin.
You feel sick. The water moccasin misses you. x2
You closely miss the water moccasin.
You feel sick. The water moccasin barely misses you.
The water moccasin bites you but does no damage.
You closely miss the water moccasin.
You feel sick.
The water moccasin bites you but does no damage. x2
You miss the water moccasin.
You feel sick. The water moccasin bites you.
You are more poisoned.
The water moccasin poisons you!
You barely miss the water moccasin.
You feel very sick. The water moccasin bites you. x2
You are more poisoned.
The water moccasin poisons you!
You closely miss the water moccasin.
You feel extremely sick. The water moccasin misses you.
The water moccasin bites you.
* * * LOW HITPOINT WARNING * * *
You are more poisoned.
The water moccasin poisons you!
You miss the water moccasin.
* * * LOW HITPOINT WARNING * * *
You feel extremely sick. The water moccasin barely misses you.
The water moccasin bites you but does no damage.
It was a potion of cancellation.
You feel magically purged.
* * * LOW HITPOINT WARNING * * *
You feel very sick. The water moccasin barely misses you.
It was a potion of attraction.
You feel attractive to monsters.
You die...

...# #..## .#.###### ##..#
........# ##.# ........#
###.##########
........#########(....##.....##
...............#.....)........##
#..###########.................#
#..#.....# ##................#
#..#.PPP.# #.@..............#
#..'.P...# #.S..............#
##.'.P._.# #................#
#.'.P...# #................#
###.PPP.# ##..............##
#.....# ##.....##.....## #######
##############


You could see a water moccasin.

Vanquished Creatures
  Edmund (D:5)
  Pargi (Sewer)
  An ice beast (D:5)
  An ogre (D:5)
  A kobold brigand (Sewer)
  A hound (D:5)
  An orc priest (D:5)
  A sleepcap (D:4)
  2 orc wizards (D:5)
  An iguana (D:5)
  4 adders
  A shadow imp (D:5)
  2 ufetubi (D:5)
  A dart slug (D:1)
  12 orcs (D:5)
  4 ball pythons
  4 bats
  4 endoplasms
  6 giant cockroaches
  6 hobgoblins
  7 jackals (D:3)
  8 quokkas
  5 frilled lizards
  11 goblins
  4 kobolds
  A rat (D:2)
91 creatures vanquished.

Notes
Turn   | Place    | Note
-------+----------+-------------------------------------------
     0 | D:1      | Shayle the Ogre Hexslinger began the quest for the Orb.
     0 | D:1      | Reached XP level 1. HP: 19/19 MP: 2/2
    55 | D:1      | Reached XP level 2. HP: 28/28 MP: 2/4
    96 | D:1      | Reached skill level 2 in Fighting
   108 | D:1      | Reached skill level 1 in Invocations
   475 | D:2      | Reached XP level 3. HP: 35/35 MP: 5/5
  1491 | D:3      | Found a faded altar of an unknown god.
  1754 | D:4      | Reached skill level 3 in Fighting
  1754 | D:4      | Reached XP level 4. HP: 19/45 MP: 7/7
  2009 | D:4      | Found a shadowy altar of Dithmenos.
  2122 | D:4      | Found a burning altar of Makhleb.
  2122 | D:4      | Noticed an ogre
  2146 | D:4      | Became a worshipper of Makhleb the Destroyer
  2323 | D:5      | Entered Level 5 of the Dungeon
  2323 | D:5      | Noticed an ogre
  2334 | D:5      | Killed an ogre
  2335 | D:5      | Reached XP level 5. HP: 49/54 MP: 7/9
  2421 | D:5      | Found a blossoming altar of Fedhas.
  2443 | D:5      | Noticed Edmund
  2451 | D:5      | Killed Edmund
  2452 | D:5      | Reached skill level 4 in Fighting
  2452 | D:5      | Reached XP level 6. HP: 54/62 MP: 9/11
  2489 | D:5      | Found a glowing drain.
  2525 | Sewer    | Entered a sewer
  2624 | Sewer    | Noticed Pargi
  2631 | Sewer    | Killed Pargi
  2723 | Sewer    | Reached XP level 7. HP: 43/71 MP: 11/13
  2957 | D:5      | Reached skill level 5 in Fighting
  3218 | D:5      | Found an iron altar of Okawaru.
  3268 | D:5      | Found a shimmering blue altar of Sif Muna.
  3390 | D:5      | Reached * piety under Makhleb
  3633 | D:6      | Noticed a yak
  3633 | D:6      | Noticed a yak
  3633 | D:6      | Noticed a yak
  3633 | D:6      | Noticed a yak
  3633 | D:6      | Noticed a yak
  3652 | D:5      | HP: 3/72 [poisoned by a water moccasin]
  3653 | D:5      | Succumbed to a water moccasin's poison

Illustrated notes

Levels and vault maps discovered:
D:1:      psy_arrival_fountain, layout_rooms, minmay_box_of_dots
D:2:      layout_rooms
D:3:      layout_basic, hellmonk_ecumenical_altar_inner_sanctum
D:4:      layout_loops_ring, lemuel_tele_altar,
          nicolae_dithmenos_through_a_glass_darkly, minmay_distorted
D:5:      layout_rooms, general_overflow_altar, mainiacjoe_overflow_boulevard,
          mainiacjoe_overflow_alcove_4, gup_sewer_entry_pipe,
          minmay_misc_feat_ornament, uniq_edmund
D:6:      layout_basic, minmay_temple_entry_slanted, uniq_maggie

Skill      XL: |  1  2  3  4  5  6  7 |
---------------+----------------------+-----
Dodging        | 2 3 4 |  4.1
Fighting       | 2 3 4 5 |  5.6
Invocations    | 1 2 3 4 |  4.2
Spellcasting   | 2 3 4 |  4.5
Ranged Weapons | |  1.3
Hexes          | |  2.6
Fire Magic     | |  0.8

Action                     |  1- 3 |  4- 6 |  7- 9 || total
---------------------------+-------+-------+-------++-------
  Melee: Dire flail        |       |    41 |   124 ||   165
   Fire: Sling             |   163 |   108 |       ||   271
  Evoke: Wand              |       |     2 |     4 ||     6
    Use: Scroll            |       |     3 |       ||     3
         Potion            |       |       |     3 ||     3
   Stab: Sleeping          |       |     1 |       ||     1
 Armour: Robe              |    33 |    53 |   103 ||   189
         Skin              |       |       |    15 ||    15
  Dodge: Dodged            |    70 |    92 |    72 ||   234
  Block: Other             |    17 |    31 |    14 ||    62
         Reflection        |     1 |     1 |       ||     2

Table legend: (Time is in decaauts)
 A = Elapsed time spent in this place.
 B = Non-inter-level travel time spent in this place.
 C = Inter-level travel time spent in this place.
 D = Time resting spent in this place.
 E = Time spent auto-exploring this place.
 F = Levels seen in this place.
 G = Mean time per level.
                   A        B        C        D        E       F      G
               +--------+--------+--------+--------+--------+-----+--------+
         Total |   3792 |   3667 |    125 |    277 |   2280 |   7 |  541.7 |
       Dungeon |   3477 |   3352 |    125 |    147 |   2280 |   6 |  579.5 |
         Sewer |    315 |    315 |      0 |    130 |      0 |   1 |  315.0 |
               +--------+--------+--------+--------+--------+-----+--------+

Top non-repeatable levels by time:
     D:5: 1078 daAuts
     D:3: 755 daAuts
     D:4: 601 daAuts
     D:2: 551 daAuts
     D:1: 486 daAuts
   Sewer: 315 daAuts
     D:6: 2 daAuts
